 Dungeon Crawl Stone Soup version 0.22.0-49-gab54619 (webtiles) character file.

150349 HoaS the Warrior (level 17, -6/120 HPs)
             Began as a Gargoyle Berserker on Sept 8, 2018.
             Was the Champion of Trog.
             Mangled by Terandir's ghost (17 damage)
             ... on level 1 of the Elven Halls.
             The game lasted 01:30:57 (26135 turns).

HoaS the Warrior (Gargoyle Berserker)              Turns: 26135, Time: 01:30:57

Health: -6/120     AC: 37    Str: 22    XL:     17   Next: 53%
Magic:  8/8        EV: 20    Int:  9    God:    Trog [******]
Gold:   2520       SH:  5    Dex: 20    Spells: 16/16 levels left

rFire    + . .     SeeInvis .     - Unarmed
rCold    + . .     Gourm    .   (no shield)
rNeg     + + .     Faith    .   h - +5 ring mail of the Stag {rCorr MP-9 Dex+6 Stlth+}
rPois    ∞         Spirit   .   M - +2 helmet
rElec    +         Reflect  +   c - scarf {rC+ rF+}
rCorr    +         Harm     .   B - +0 pair of gloves of Thoughtfulness {rN+ Regen+}
MR       +....                  t - +1 pair of boots of Sunlight {Slay+2}
Stlth    ++........             f - +5 amulet of reflection
HPRegen  0.70/turn              n - +1 ring of slaying
MPRegen  0.11/turn              D - +4 ring of protection

@: berserk cooldown, flying, hasted and slowed
A: big wings, negative energy resistance 1, electricity resistance, unbreathing,
petrification resistance, rot immunity, AC +12
a: Stop Flying, Berserk, Trog's Hand, Brothers in Arms, Renounce Religion


You were on level 1 of the Elven Halls.
You worshipped Trog.
Trog was exalted by your worship.
You were near starving.

You visited 5 branches of the dungeon, and saw 25 of its levels.
You also visited: Volcano.

You collected 3906 gold pieces.
You spent 1386 gold pieces at shops.

Inventory:

Armour
 c - a scarf of resistance (worn)
 h - the +5 ring mail of the Stag (worn) {rCorr MP-9 Dex+6 Stlth+}
   (You found it on level 6 of the Dungeon)

   It affects your dexterity (+6).
   It affects your magic capacity (-9).
   It provides partial protection from all sources of acid and corrosion.
   It makes you more stealthy.
 t - the +1 pair of boots of Sunlight (worn) {Slay+2}
   (You found it on level 5 of the Dungeon)

   It affects your accuracy and damage with ranged weapons and melee attacks
   (+2).
 B - the +0 pair of gloves of Thoughtfulness (worn) {rN+ Regen+}
   (You bought it in a shop on level 2 of the Orcish Mines)

   It protects you from negative energy.
   It increases your rate of regeneration.
 M - a +2 helmet (worn)
Jewellery
 f - a +5 amulet of reflection (around neck)
 n - a +1 ring of slaying (left hand)
 p - an uncursed ring of protection from cold
 y - an uncursed ring of protection from fire
 D - a +4 ring of protection (right hand)
 J - an uncursed amulet of guardian spirit
 L - an uncursed ring of see invisible
 U - the ring "Bekevug" {*Tele rElec}
   (You found it on level 15 of the Dungeon)

   [ring of teleportation]

   It may teleport you next to monsters.
   It insulates you from electricity.
Wands
 k - a wand of random effects (24)
 o - a wand of digging (12)
 z - a wand of paralysis (33)
 C - a wand of polymorph (24)
 E - a wand of iceblast (18)
 F - a wand of acid (12)
 N - a wand of disintegration (10)
 O - a wand of scattershot (6)
 R - a wand of enslavement (14)
Scrolls
 g - 11 scrolls of teleportation
 i - 4 scrolls of identify
 j - a scroll of blinking
 l - 9 scrolls of remove curse
 u - 7 scrolls of fear
 Q - 3 scrolls of magic mapping
 T - a scroll of fog
Potions
 a - 3 potions of might
 d - 2 potions of mutation
 e - 3 potions of flight
 m - 4 potions of berserk rage
 q - 10 potions of curing
 r - 7 potions of heal wounds
 s - 3 potions of lignification
 v - 4 potions of resistance
 w - 3 potions of agility
 x - 2 potions of cancellation
 A - 2 potions of haste
 G - a potion of magic
 H - 2 potions of invisibility
 K - 3 potions of brilliance
 S - 2 potions of ambrosia
Miscellaneous
 I - a lightning rod (4/4)
Comestibles
 b - 44 rations
 P - 3 chunks of flesh


   Skills:
 * Level 18.8 Fighting
 + Level 13.8 Armour
 + Level 11.0 Dodging
 * Level 17.4 Unarmed Combat


You had 16 spell levels left.
You didn't know any spells.
Your spell library was empty.

Dungeon Overview and Level Annotations

Branches:
Dungeon (15/15)            Temple (0/1) D:4            Lair (6/6) D:8
 Shoals (1/4) Lair:2       Spider (0/4) Lair:2        Slime (0/5) Lair:5
    Orc (2/2) D:12            Elf (1/3) Orc:2        Vaults (0/5) D:14
 Depths (0/5) D:15

Altars:
Ashenzari
Cheibriados
Fedhas
Gozag
Kikubaaqudgha
Nemelex Xobeh
Trog
Uskayaw
Vehumet
Wu Jian
Xom
Yredelemnul
Beogh
Jiyva

Shops:
D:5 (   D:6 (   D:8 =   D:14 (   D:15 }   Orc:2 }::[

Annotations:
Lair:5 1 runed door
Elf:1 Terandir's ghost, adept MiFi; TotesWizzard's ghost, journeyman HOBe


Innate Abilities, Weirdness & Mutations

You are resistant to torment.
Your stone body is resilient. (AC +12)
You are immune to poison.
Your large and strong wings let you fly indefinitely.
You resist negative energy. (rN+)
You are resistant to electric shocks. (rElec)
You can survive without breathing.
You are immune to petrification.
You are immune to rotting.


Message History

Terandir's ghost completely misses you.
You barely miss Terandir's ghost.
Terandir's ghost is moderately damaged.
Terandir's ghost says, "What's the hurry?
You'll die anyway."
Terandir's ghost completely misses you.
You barely miss Terandir's ghost.
Terandir's ghost is moderately damaged.
You punch Terandir's ghost!
Terandir's ghost is heavily damaged.
Terandir's ghost hits you!
* * * LOW HITPOINT WARNING * * *
You hit Terandir's ghost.
Terandir's ghost is heavily damaged.
Terandir's ghost completely misses you.
You punch Terandir's ghost!
Terandir's ghost is heavily damaged.
You completely miss Terandir's ghost.
Terandir's ghost is heavily damaged.
Terandir's ghost hits you!
You die...

#.# #........[# # #.#
###[..[....?### #
#.###.#8.......8#.##### #
##'##.##).......%##'...###
#...'## ###'''####.......#
#...##
#.......##.......#####
##'#....#
####.W####.......'....
#......## ##W#
#.......##### '.#....'##
#@# #.......# #...####.##
#.# ###...#'## ## #..#
##.## #.# ######)###. '##
##.#####'# ##'#.. #
##'#....# ##..♣ ##.....#
##.... ########...[.#
#..♣.. .......'.....#
##.... #########...##
##..♣


You could see Terandir's ghost and TotesWizzard's ghost.

Vanquished Creatures
  Rupert (D:15)
  Kirke (Lair:4)
  2 orc warlords
  An emperor scorpion (D:15)
  A deep elf elementalist (Elf:1)
  The ghost of Merlin the Protected, a journeyman GnWn of Ashenzari (Elf:1)
  The ghost of iamserjio the Brawler, a journeyman TrFi of Cheibriados (Elf:1)
  Nessos (Lair:4)
  A dire elephant (D:15)
  A fire dragon (Lair:4)
  Josephine (D:14)
  Fannar (D:12)
  Erolcha (Orc:1)
  9 hydras
  4 centaur warriors
  10 dancing weapons
  15 two-headed ogres
  6 death yaks
  Urug (Lair:4)
  6 orc high priests
  An ogre mage (D:15)
  A fire crab (Volcano)
  4 deep elf knights (Elf:1)
  3 deep elf archers
  6 unseen horrors
  A wizard (D:14)
  A lindwurm (Volcano)
  15 deep elf magi
  4 orc knights
  4 orc sorcerers
  2 salamanders (Lair:1)
  2 manticores (D:15)
  4 cyclopes
  18 ugly things
  Maurice (Orc:2)
  2 merfolk sirens (Lair:2)
  7 elephants
  Joseph (D:8)
  5 black mambas
  3 torpor snails
  The ghost of vatarom the Slasher, a novice FoAK of Lugonu (D:5)
  25 spiny frogs
  2 gargoyles (D:14)
  3 kobold demonologists
  17 rime drakes
  An efreet (D:14)
  A redback zombie (D:15)
  10 komodo dragons
  A freezing wraith (D:14)
  A jumping spider (shapeshifter) (D:14)
  4 tyrant leeches (Lair:6)
  4 hornets
  A queen bee (D:9)
  12 trolls
  24 blink frogs
  2 merfolk (Lair:2)
  2 slime creatures
  5 dream sheep
  7 hippogriffs
  4 wyverns
  3 vampires
  A shadow (D:11)
  A hog (shapeshifter) (D:15)
  3 fire bats
  12 steam dragons
  8 wraiths
  2 fire elementals (Lair:1)
  34 yaks
  5 basilisks
  2 hungry ghosts
  8 vampire mosquitoes
  7 wargs
  A soldier ant (D:14)
  An acid dragon (D:14)
  3 hell hounds (Volcano)
  16 porcupines
  13 water moccasins
  6 sky beasts
  48 orc warriors
  2 black bears
  An eye of draining (D:11)
  3 ice beasts
  3 phantoms
  22 ogres
  A necrophage (D:11)
  18 wolves
  21 centaurs
  12 crocodiles
  8 big kobolds
  A wyvern zombie (D:15)
  An earth elemental (Elf:1)
  33 bullfrogs
  2 gnoll sergeants (D:9)
  A wyvern skeleton (D:13)
  6 scorpions
  39 killer bees
  11 electric eels
  19 wights
  2 howler monkeys (D:9)
  6 crimson imps
  2 lava snakes (Lair:1)
  A bullfrog zombie (D:5)
  A quasit (D:12)
  2 bullfrog skeletons
  5 hounds
  7 jellies
  3 centaur zombies
  36 orc priests
  9 centaur skeletons
  26 orc wizards
  5 iguanas
  3 hell rats (Lair:5)
  15 worker ants
  A hound zombie (D:5)
  A hound skeleton (D:8)
  2 worker ant zombies
  16 gnolls
  21 adders
  6 shadow imps
  12 white imps (D:12)
  14 oozes
  2 adder skeletons
  An adder zombie (D:5)
  A worm (D:2)
  2 dart slugs
  3 leopard geckos
  118 orcs
  11 bats
  9 giant cockroaches
  9 goblins
  7 hobgoblins
  9 jackals
  44 kobolds
  3 quokkas
  3 ball pythons
  A ball python skeleton (D:4)
  9 frilled lizards
  A leopard gecko skeleton (D:4)
  A quokka zombie (D:7)
  6 rats
1091 creatures vanquished.

Vanquished Creatures (others)
  An unseen horror (D:14)
  A rime drake (Lair:4)
  A human (Lair:4)
  A wolf (Lair:4)
  2 centaurs
  An orc priest (Orc:2)
  A hell rat (Lair:5)
  An adder (D:10)
  A bat (D:1)
  A kobold (D:14)
  7 fungi
  50 plants
  9 toadstools (D:3)
77 creatures vanquished.

Grand Total: 1168 creatures vanquished

Notes
Turn   | Place    | Note
-------+----------+-------------------------------------------
     0 | D:1      | HoaS the Gargoyle Berserker began the quest for the Orb.
     0 | D:1      | Reached XP level 1. HP: 14/14 MP: 1/1
    53 | D:1      | Reached XP level 2. HP: 9/19 MP: 2/2
   363 | D:1      | Reached ** piety under Trog
   381 | D:1      | Reached XP level 3. HP: 24/24 MP: 3/3
  1234 | D:2      | Found a shattered altar of Ashenzari.
  1438 | D:2      | Reached skill level 4 in Fighting
  1445 | D:2      | Reached XP level 4. HP: 25/29 MP: 4/4
  2262 | D:3      | Reached XP level 5. HP: 34/34 MP: 5/5
  2299 | D:3      | Found a hide-covered altar of Uskayaw.
  2471 | D:3      | Reached *** piety under Trog
  2633 | D:3      | Reached XP level 6. HP: 30/40 MP: 6/6
  3298 | D:4      | Reached skill level 5 in Fighting
  3337 | D:4      | Found an ornate altar of the Wu Jian Council.
  3346 | D:4      | Found an ancient bone altar of Kikubaaqudgha.
  3482 | D:4      | Found a staircase to the Ecumenical Temple.
  3496 | D:4      | Reached **** piety under Trog
  3629 | D:4      | Found an opulent altar of Gozag.
  3898 | D:4      | Reached skill level 5 in Unarmed Combat
  3898 | D:4      | Reached XP level 7. HP: 39/44 MP: 7/7
  4368 | D:4      | Found a basalt altar of Yredelemnul.
  4371 | D:4      | Found a shattered altar of Ashenzari.
  4457 | D:5      | Entered Level 5 of the Dungeon
  4517 | D:5      | Reached skill level 6 in Fighting
  4542 | D:5      | Found Uwun's Antique Weapon Boutique.
  4615 | D:5      | Reached XP level 8. HP: 31/52 MP: 8/8
  5134 | D:5      | Found a runed door.
  5146 | D:5      | Got a pair of crude boots
  5159 | D:5      | Identified the +1 pair of boots of Sunlight {Slay+2} (You
                  | found it on level 5 of the Dungeon)
  5253 | D:5      | Noticed vatarom's ghost (novice FoAK)
  5267 | D:5      | Killed vatarom's ghost
  5267 | D:5      | Reached skill level 7 in Fighting
  5267 | D:5      | Reached skill level 5 in Armour
  5322 | D:6      | Found a transporter.
  5326 | D:6      | Found Qocadiz's Weapon Shop.
  5378 | D:6      | Got an ichor-stained ring mail
  5401 | D:6      | Identified the +5 ring mail of the Stag {rCorr MP-9 Dex+6
                  | Stlth+} (You found it on level 6 of the Dungeon)
  5538 | D:6      | Found a transporter.
  5807 | D:6      | Reached XP level 9. HP: 58/58 MP: 0/9
  5994 | D:6      | Reached skill level 8 in Fighting
  6226 | D:7      | Found a sparkling altar of Nemelex Xobeh.
  6251 | D:7      | Reached ***** piety under Trog
  6269 | D:7      | Received a gift from Trog
  6490 | D:7      | Found a shimmering altar of Xom.
  6838 | D:8      | Found a staircase to the Lair.
  6944 | D:8      | Found a blossoming altar of Fedhas.
  6971 | D:8      | Reached skill level 9 in Fighting
  7031 | D:8      | Reached XP level 10. HP: 54/66 MP: 1/10
  7058 | D:8      | Reached skill level 5 in Dodging
  7086 | D:8      | Noticed Joseph
  7103 | D:8      | Killed Joseph
  7121 | D:8      | Found Buwkojedd's Jewellery Boutique.
  7171 | D:8      | Found a bloodstained altar of Trog.
  7542 | D:9      | Found a radiant altar of Vehumet.
  7573 | D:9      | Reached skill level 10 in Fighting
  7777 | D:9      | Received a gift from Trog
  8059 | D:9      | Reached skill level 10 in Unarmed Combat
  8059 | D:9      | Reached XP level 11. HP: 66/73 MP: 2/11
  8256 | D:9      | Reached skill level 11 in Fighting
  8399 | D:8      | Bought a +4 ring of protection for 576 gold pieces
  8431 | D:10     | Entered Level 10 of the Dungeon
  9838 | D:11     | Noticed a brown ugly thing
  9845 | D:11     | Killed a brown ugly thing
  9910 | D:11     | Noticed a two-headed ogre
  9917 | D:11     | Killed a two-headed ogre
  9996 | D:11     | Noticed a two-headed ogre
 10005 | D:11     | Killed a two-headed ogre
 10016 | D:11     | Noticed a brown ugly thing
 10026 | D:11     | Killed a brown ugly thing
 10285 | D:12     | Found a hide-covered altar of Uskayaw.
 10347 | D:12     | Reached skill level 12 in Fighting
 10715 | D:12     | Noticed a seven-headed hydra
 10773 | D:11     | Killed a seven-headed hydra
 10773 | D:11     | Reached XP level 12. HP: 81/81 MP: 3/12
 10987 | D:12     | Noticed Fannar
 11126 | D:12     | Found a staircase to the Orcish Mines.
 11191 | D:12     | Reached ****** piety under Trog
 11214 | D:12     | Killed Fannar
 11214 | D:12     | Received a gift from Trog
 11816 | D:12     | Received a gift from Trog
 12013 | Orc:1    | Entered Level 1 of the Orcish Mines
 12064 | Orc:1    | Noticed an orc warlord
 12190 | D:12     | Received a gift from Trog
 12551 | Orc:1    | Killed an orc warlord
 12551 | Orc:1    | Reached skill level 13 in Fighting
 12689 | Orc:1    | Found a dark tunnel.
 12698 | Volcano  | Entered a volcano
 13049 | Orc:1    | Noticed an orc high priest
 13054 | Orc:1    | Noticed Erolcha
 13067 | Orc:1    | Noticed a sun demon
 13146 | Orc:1    | Killed Erolcha
 13219 | Orc:1    | Killed an orc high priest
 13395 | Orc:2    | Entered Level 2 of the Orcish Mines
 13404 | Orc:2    | Reached XP level 13. HP: 88/88 MP: 4/13
 13558 | Orc:2    | Reached skill level 10 in Armour
 13792 | Orc:2    | Found a roughly hewn altar of Beogh.
 13923 | Orc:2    | Noticed Maurice
 13946 | Orc:2    | Killed Maurice
 13959 | Orc:2    | Reached skill level 14 in Fighting
 14001 | Orc:2    | Found Puiraz's Armour Emporium.
 14022 | Orc:2    | Bought the +0 pair of gloves of Thoughtfulness {rN+ Regen+}
                  | for 266 gold pieces
 14038 | Orc:2    | Found Isuate's Book Shoppe.
 14296 | Orc:2    | Received a gift from Trog
 14356 | Orc:2    | Found a staircase to the Elven Halls.
 14541 | Orc:2    | Found Kipsallu's Book Shop.
 14824 | Orc:2    | Noticed an orc warlord
 14826 | Orc:2    | Found a roughly hewn altar of Beogh.
 14856 | Orc:2    | Killed an orc warlord
 14957 | Orc:2    | Received a gift from Trog
 15043 | Orc:2    | Found Vaenejoh's Gadget Boutique.
 15063 | Orc:2    | Bought a wand of acid (12) for 544 gold pieces
 15266 | Orc:2    | Gained mutation: Your large and strong wings let you fly
                  | indefinitely. [Gargoyle growth]
 15266 | Orc:2    | Reached XP level 14. HP: 61/96 MP: 5/14
 15883 | Lair:1   | Entered Level 1 of the Lair of Beasts
 15907 | Lair:1   | Reached skill level 15 in Fighting
 16865 | Lair:2   | Received a gift from Trog
 17176 | Lair:2   | Found a hole to the Spider Nest.
 17246 | Lair:2   | Found a staircase to the Shoals.
 17977 | Lair:3   | Got a jewelled chain mail
 17988 | Lair:3   | Identified the cursed +0 chain mail of Somewhere Else {+Inv
                  | MR++ Int+2 Stlth+} (You found it on level 3 of the Lair of
                  | Beasts)
 18316 | Lair:4   | Received a gift from Trog
 18332 | Lair:4   | Noticed Nessos
 18622 | Lair:4   | Reached skill level 16 in Fighting
 18637 | Lair:4   | Reached XP level 15. HP: 86/104 MP: 6/15
 18783 | Lair:4   | Killed Nessos
 18991 | Lair:4   | Noticed Urug
 18992 | Lair:4   | Reached skill level 15 in Unarmed Combat
 19008 | Lair:4   | Killed Urug
 19106 | Lair:4   | Noticed Kirke
 19121 | Lair:4   | Killed Kirke
 19614 | Lair:5   | Found a runed door.
 19615 | Lair:5   | Found a viscous altar of Jiyva.
 19615 | Lair:5   | Noticed an acid blob
 19617 | Lair:5   | Found a staircase to the Slime Pits.
 19644 | Lair:5   | Received a gift from Trog
 19656 | Lair:5   | Found a labyrinth entrance.
 20163 | Lair:6   | Entered Level 6 of the Lair of Beasts
 20841 | Lair:6   | Received a gift from Trog
 20848 | Lair:6   | Reached skill level 17 in Fighting
 20982 | Lair:6   | Reached skill level 10 in Dodging
 21142 | Lair:6   | Reached XP level 16. HP: 94/112 MP: 7/16
 22001 | D:13     | Identified a scroll of acquirement
 22039 | D:13     | Found a shimmering altar of Xom.
 22039 | D:13     | Found a shimmering altar of Xom.
 22359 | D:13     | Received a gift from Trog
 22509 | D:13     | Found a shimmering altar of Xom.
 22512 | D:13     | Found a shimmering altar of Xom.
 22859 | D:14     | Noticed Josephine
 22861 | D:14     | Got smoking fire dragon scales
 22881 | D:14     | Killed Josephine
 23258 | D:14     | Found Wiahaeqi's Antique Weapon Shop.
 23270 | D:14     | Found a gate to the Vaults.
 23340 | D:14     | Identified the +4 fire dragon scales of the Wheelwright
                  | {rElec rF++ rC- Int+7 Dex-2} (You found it on level 14 of
                  | the Dungeon)
 23968 | D:14     | Reached skill level 18 in Fighting
 23970 | D:14     | Received a gift from Trog
 24068 | D:15     | Entered Level 15 of the Dungeon
 24071 | D:15     | Found a snail-covered altar of Cheibriados.
 24284 | D:15     | Found Jodiluut's Gadget Boutique.
 24325 | D:15     | Got a translucent jade ring
 24326 | D:15     | Identified the ring "Bekevug" {*Tele rElec} (You found it
                  | on level 15 of the Dungeon)
 24404 | D:15     | Found a staircase to the Depths.
 24417 | D:15     | Reached XP level 17. HP: 120/120 MP: 8/17
 24773 | D:15     | Noticed Rupert
 24785 | D:15     | Killed Rupert
 25076 | Shoals:1 | Entered Level 1 of the Shoals
 25311 | Elf:1    | Entered Level 1 of the Elven Halls
 25796 | Elf:1    | Received a gift from Trog
 26036 | Elf:1    | Found a runed gate.
 26036 | Elf:1    | Found a runed gate.
 26038 | Elf:1    | Found a runed gate.
 26038 | Elf:1    | Noticed iamserjio's ghost (journeyman TrFi)
 26039 | Elf:1    | Noticed TotesWizzard's ghost (journeyman HOBe)
 26039 | Elf:1    | Noticed Merlin's ghost (journeyman GnWn)
 26043 | Elf:1    | Noticed Terandir's ghost (adept MiFi)
 26086 | Elf:1    | Killed Merlin's ghost
 26095 | Elf:1    | Killed iamserjio's ghost
 26135 | Elf:1    | Mangled by Terandir's ghost

Skill      XL: |  1  2  3  4  5  6  7  8  9 10 11 12 13 14 15 16 17 |
---------------+----------------------------------------------------+-----
Fighting       | 4 5 6 7 9 10 12 13 14 16 17 18 | 18.8
Dodging        | 2 3 4 5 6 7 8 9 10 11 | 11.0
Armour         | 3 4 5 6 7 8 9 10 11 12 13 | 13.8
Unarmed Combat | 4 5 7 8 10 11 12 13 14 15 16 17 | 17.4

Action                   |  1- 3 |  4- 6 |  7- 9 | 10-12 | 13-15 | 16-18 || total
-------------------------+-------+-------+-------+-------+-------+-------++-------
Melee: Unarmed           |   136 |   386 |   419 |   978 |  1520 |   878 ||  4317
       Punch             |     2 |     2 |    13 |    71 |   174 |   111 ||   373
Invok: Berserk           |       |     1 |     1 |     6 |     4 |     3 ||    15
       Trog's Hand       |       |       |     1 |     4 |     8 |     2 ||    15
 Abil: Fly               |       |       |       |       |     1 |       ||     1
Evoke: Wand              |       |       |       |     2 |       |       ||     2
  Use: Scroll            |     7 |     4 |    11 |     7 |     7 |     9 ||    45
       Potion            |       |       |       |     1 |     1 |     2 ||     4
 Stab: Sleeping          |       |       |     3 |     8 |    13 |     6 ||    30
       Distracted        |       |       |       |       |     2 |     2 ||     4
  Eat: Chunk             |     2 |     9 |     9 |    25 |    35 |    15 ||    95
       Ration            |       |       |     1 |     1 |       |     1 ||     3
Armor: Animal skin       |    34 |       |       |       |       |       ||    34
       Scale mail        |    11 |   150 |    72 |       |       |       ||   233
       Leather armour    |     8 |       |       |       |       |       ||     8
       Ring mail         |       |       |   110 |   513 |   610 |   407 ||  1640
Dodge: Dodged            |    85 |   194 |   220 |   650 |  1205 |   695 ||  3049
Block: Other             |     7 |    95 |   105 |   218 |   344 |   190 ||   959
       Reflection        |       |     2 |     3 |    13 |     3 |    15 ||    36
